 Dungeon Crawl Stone Soup version 0.30-a0-358-g0d69a1922f (webtiles) character file.

Game seed: 15176256500343628284

320 koil the Sneak (level 6, 0/44 HPs)
             Began as a Vampire Enchanter on Nov 10, 2022.
             Slain by a killer bee (7 damage)
             ... on level 4 of the Dungeon.
             The game lasted 00:09:07 (2913 turns).

koil the Sneak (Vampire Enchanter)                  Turns: 2913, Time: 00:09:10

Health: 0/44       AC:  2    Str:  7    XL:     6   Next: 22%
Magic:  10/10      EV: 13    Int: 19    God:
Gold:   141        SH:  0    Dex: 15    Spells: 6/11 levels left

rFire   . . .      SeeInvis +    a - +1 dagger
rCold   . . .      Faith    .    (no shield)
rNeg    . . .      Spirit   .    b - +0 robe
rPois   .          Reflect  .    (no helmet)
rElec   .          Harm     .    (no cloak)
rCorr   +          Rampage  .    (no gloves)
Will    .....                    (no boots)
Stlth   +++.......               (no amulet)
HPRegen 0.47/turn                k - ring of resist corrosion
MPRegen 0.12/turn                u - ring of wizardry

@: brilliant, lethally poisoned (0 -> -11), healing quickly
A: alive, fangs 3, see invisible, vampiric 2
a: Exsanguinate


You were on level 4 of the Dungeon.
You visited 1 branch of the dungeon, and saw 4 of its levels.
You also visited: Sewer.

You collected 141 gold pieces.

Inventory:

Hand Weapons
 a - a +1 dagger (weapon)
 t - a +0 short sword of speed
Missiles
 g - 17 poisoned darts (quivered)
Armour
 b - a +0 robe (worn)
Jewellery
 k - a ring of resist corrosion (left hand)
 u - a ring of wizardry (right hand)
Wands
 s - a wand of roots (10)
Scrolls
 e - 2 scrolls of identify {unknown}
 h - a scroll of enchant weapon {unknown}
 i - a scroll of vulnerability {unknown}
 o - 3 scrolls of teleportation {unknown}
 p - a scroll of acquirement {unknown}
 q - a scroll of blinking {unknown}
Potions
 c - 3 potions of invisibility
 d - a potion of brilliance
 f - 2 potions of heal wounds
 j - a potion of lignification {unknown}
 l - a potion of mutation {unknown}
 m - a potion of curing {unknown}
 n - a potion of magic {unknown}
 r - a potion of degeneration {unknown}


   Skills:
 + Level 2.1 Fighting
 + Level 2.7 Short Blades
 + Level 3.7 Dodging
 + Level 6.0 Stealth
 + Level 3.0 Spellcasting
 + Level 5.6 Hexes


You had 6 spell levels left.
You knew the following spells:

 Your Spells              Type           Power      Damage    Failure   Level
a - Ensorcelled Hibernat  Hex/Ice        40%        N/A       3%          2
b - Confusing Touch       Hex            36%        N/A       1%          3

Your spell library contained the following spells:

 Spells                   Type           Power      Damage    Failure   Level
 Tukima's Dance           Hex            36%        N/A       1%          3
 Dazzling Flash           Conj/Hex       40%        N/A       6%          3


Dungeon Overview and Level Annotations

Branches:
Dungeon (4/15)              Sewer (visited)
 Temple: D:4-7

Altars:
Fedhas

Annotations:
D:4 Pargi


Innate Abilities, Weirdness & Mutations

Your natural rate of healing is accelerated.
You have razor-sharp teeth.
You have supernaturally acute eyesight. (SInv)
You are afflicted with vampirism and can become a bat while bloodless.


Message History

The killer bee stings you!
You feel sick.
You are no longer poisoned.
The killer bee stings you. The killer bee stings you!
* * * LOW HITPOINT WARNING * * *
The killer bee attacks as you move away!
The killer bee stings you but does no damage.
The killer bee attacks as you move away!
The killer bee misses you. The killer bee barely misses you.
The killer bee barely misses you. The killer bee barely misses you.
The killer bee stings you.
* * * LOW HITPOINT WARNING * * *
You are poisoned.
The killer bee poisons you! The killer bee closely misses you.
The killer bee attacks as you move away!
The killer bee stings you but does no damage.
The killer bee attacks as you move away!
The killer bee stings you.
* * * LOW HITPOINT WARNING * * *
You are lethally poisoned!
The killer bee poisons you!
* * * LOW HITPOINT WARNING * * *
You feel very sick. The killer bee barely misses you.
There is a stone staircase leading up here.
It was a potion of brilliance.
You feel clever all of a sudden.
* * * LOW HITPOINT WARNING * * *
You feel sick. The killer bee completely misses you.
It was a potion of heal wounds.
You feel much better.
You feel sick.
The killer bee stings you but does no damage.
The killer bee barely misses you. x2; The killer bee stings you!
The killer bee barely misses you.
The killer bee attacks as you move away!
The killer bee closely misses you.
You feel sick. The killer bee closely misses you. The killer bee stings you.
* * * LOW HITPOINT WARNING * * *
You are lethally poisoned!
The killer bee poisons you! The killer bee misses you.
The killer bee stings you!
You die...

## .##
####..#
#.....###
#..@^...##
#.yyy....#
###K##...#
.
#g.##....
.# ##y)#
... ##.###
##.####.
.....
#...##
#...#
###..#


.Kg ##.##.# You could see 4 killer bees, a goblin and a kobold.

Vanquished Creatures
  2 kobold brigands (Sewer)
  An orc priest (D:3)
  4 adders
  A river rat (Sewer)
  4 worms
  A dart slug (D:2)
  4 orcs (D:3)
  6 ball pythons
  3 bats (D:1)
  8 endoplasms
  4 giant cockroaches
  8 goblins
  4 hobgoblins
  6 jackals
  4 quokkas
  3 frilled lizards
  16 kobolds
  8 rats
87 creatures vanquished.

Notes
Turn   | Place    | Note
-------+----------+-------------------------------------------
     0 | D:1      | koil the Vampire Enchanter began the quest for the Orb.
     0 | D:1      | Reached XP level 1. HP: 13/13 MP: 3/3
    63 | D:1      | Reached XP level 2. HP: 18/19 MP: 5/5
    66 | D:1      | Learned a level 2 spell: Ensorcelled Hibernation
   587 | D:2      | Gained mutation: You are afflicted with vampirism and can
                  | become a bat while bloodless. [Vampire growth]
   587 | D:2      | Reached XP level 3. HP: 22/25 MP: 1/6
   656 | D:2      | Learned a level 3 spell: Confusing Touch
   679 | D:2      | Reached skill level 1 in Fighting
   739 | D:2      | Reached skill level 5 in Stealth
  1246 | D:3      | Reached XP level 4. HP: 32/32 MP: 7/7
  1441 | D:3      | Found a glowing drain.
  1488 | Sewer    | Entered a sewer
  1577 | Sewer    | Reached skill level 5 in Hexes
  2236 | Sewer    | Reached XP level 5. HP: 35/37 MP: 8/8
  2379 | Sewer    | Reached XP level 6. HP: 22/44 MP: 4/10
  2538 | D:3      | Found a blossoming altar of Fedhas.
  2593 | D:3      | Reached skill level 6 in Stealth
  2883 | D:4      | Noticed Pargi
  2910 | D:4      | HP: 7/44 [poisoned by a killer bee]
  2913 | D:4      | Slain by a killer bee

Illustrated notes

Levels and vault maps discovered:
D:1:      nzn_arrival_water_spiral, layout_rooms, serial_glass, glass_columns_c,
          glass_columns_b, st_stairs_6, minmay_misc_feat_x,
          corexii_leaking_fountain
D:2:      layout_basic
D:3:      layout_loops_cross, overflow_temple_1_default,
          cheibrodos_sewer_entry_bend
D:4:      layout_rooms, gammafunk_ghost_nasty_kobolds, cheibrodos_gnoll_hut,
          uniq_pargi

Skill      XL: |  1  2  3  4  5  6 |
---------------+-------------------+-----
Fighting       | 1 2 |  2.1
Stealth        | 5 6 |  6.0
Dodging        | 3 |  3.7
Hexes          | 5 |  5.6
Short Blades   | 2 |  2.7
Spellcasting   | 3 |  3.0

Action                   |  1- 3 |  4- 6 || total
-------------------------+-------+-------++-------
Melee: Dagger            |   115 |   221 ||   336
       Bite              |     9 |    18 ||    27
       Punch             |     1 |     1 ||     2
 Cast: Ensorcelled Hiber |     6 |    12 ||    18
       Confusing Touch   |       |     2 ||     2
  Use: Potion            |       |     2 ||     2
 Stab: Sleeping          |    10 |    15 ||    25
       Confused          |       |     3 ||     3
Armor: Robe              |    20 |    17 ||    37
Dodge: Dodged            |    81 |    92 ||   173

Table legend: (Time is in decaauts)
 A = Elapsed time spent in this place.
 B = Non-inter-level travel time spent in this place.
 C = Inter-level travel time spent in this place.
 D = Time resting spent in this place.
 E = Time spent auto-exploring this place.
 F = Levels seen in this place.
 G = Mean time per level.
                   A        B        C        D        E       F      G
               +--------+--------+--------+--------+--------+-----+--------+
         Total |   3056 |   3019 |     37 |    106 |   2057 |   5 |  611.2 |
       Dungeon |   1930 |   1893 |     37 |     24 |   1350 |   4 |  482.5 |
         Sewer |   1125 |   1125 |      0 |     82 |    707 |   1 | 1125.0 |
               +--------+--------+--------+--------+--------+-----+--------+

Top non-repeatable levels by time:
   Sewer: 1125 daAuts
     D:3: 758 daAuts
     D:2: 677 daAuts
     D:1: 449 daAuts
     D:4: 45 daAuts
